 Dungeon Crawl Stone Soup version 0.18.1-5-g4a78601 (webtiles) character file.

115 Northaan the Digger (level 5, -3/28 HPs)
             Began as a Gargoyle Earth Elementalist on May 11, 2016.
             Killed from afar by a kobold (10 damage)
             ... with a wand of acid
             ... on level 3 of the Dungeon.
             The game lasted 00:06:19 (2490 turns).

Northaan the Digger (Gargoyle Earth Elementalist)   Turns: 2490, Time: 00:06:20

Health: -3/28      AC: 12    Str: 11    XL:     5   Next: 0%
Magic:  10/10      EV: 12    Int: 17    God:
Gold:   134        SH:  0    Dex: 10    Spells: 3 memorised, 5 levels left

rFire  . . .     SeeInvis .     p - +1 whip
rCold  . . .     Gourm    .     a - +0 robe
rNeg   + . .     Faith    .     (no shield)
rPois  ∞         Spirit   .     u - +2 helmet
rElec  +         Dismiss  .     x - +0 cloak
rCorr  .         Reflect  .     n - +1 pair of gloves
SustAt .         Harm     .     (no boots)
MR     .....                    (no amulet)
Stlth  ++........               (no ring)
                                (no ring)

@: not resistant to hostile enchantments, unstealthy
A: negative energy resistance 1, electricity resistance, unbreathing,
petrification resistance, rot immunity, AC +4
a: no special abilities


You were on level 3 of the Dungeon.
You were not hungry.

You visited 1 branch of the dungeon, and saw 3 of its levels.

You collected 134 gold pieces.

Inventory:

Hand Weapons
 p - a +1 whip (weapon)
Missiles
 b - 70 stones (quivered)
Armour
 a - a +0 robe (worn)
 n - a +1 pair of gloves (worn)
 u - a +2 helmet (worn)
 x - a +0 cloak (worn)
Scrolls
 e - a scroll of recharging
 f - a scroll of enchant weapon
 i - a scroll of remove curse
 k - 3 scrolls of identify {unknown}
 l - 2 scrolls of random uselessness {unknown}
 m - a scroll of fog {unknown}
 t - a scroll of fear {unknown}
Potions
 h - 2 potions of agility {unknown}
 j - a potion of heal wounds {unknown}
 o - a potion of brilliance {unknown}
 s - a potion of lignification {unknown}
Books
 c - a book of Geomancy

   Spells                             Type                      Level
   a - Sandblast                      Earth                        1
   b - Passwall                       Transmutation/Earth          2
   c - Stone Arrow                    Conjuration/Earth            3
   d - Petrify                        Transmutation/Earth          4
   e - Lee's Rapid Deconstruction     Earth                        5
Comestibles
 d - 2 bread rations
 g - 5 chunks of flesh
 q - 2 meat rations
 r - 3 fruits
 v - a beef jerky
 w - a royal jelly


   Skills:
 - Level 1.5 Dodging
 - Level 2.1 Stealth
 * Level 3.9 Spellcasting
 - Level 0.7 Transmutations
 + Level 4.8 Earth Magic


You had 5 spell levels left.
You knew the following spells:

 Your Spells              Type           Power        Failure   Level  Hunger
a - Sandblast             Erth           ###...       2%          1    None
b - Passwall              Trmt/Erth      ##........   10%         2    ##.....
c - Stone Arrow           Conj/Erth      ##....       21%         3    ###....


Dungeon Overview and Level Annotations

Branches:
Dungeon (3/15)

Altars:
Dithmenos
Xom
Yredelemnul
Zin


Innate Abilities, Weirdness & Mutations

You are resistant to torment.
Your stone body is resilient (AC +4).
You are immune to poison.
You resist negative energy.
You are resistant to electric shocks.
You can survive without breathing.
You are immune to petrification.
You are immune to rotting.


Message History

A kobold is nearby!
A kobold is nearby!
A kobold is nearby!
A kobold is nearby!
The kobold shouts!
The kobold throws a stone.
The stone hits you but does no damage.
A giant gecko comes into view.
You see here a stone.
The kobold zaps a wand.
The bolt of acid hits you!
The acid burns!
* * * LOW HITPOINT WARNING * * *
It is a wand of acid.
You are too injured to fight recklessly!
You are too injured to fight recklessly!
You are too injured to fight recklessly!
You are too injured to fight recklessly!
You are too injured to fight recklessly!
You are too injured to fight recklessly!
You are too injured to fight recklessly!
The kobold zaps a wand.
The bolt of acid hits you!
You die...

#. ..... .... #.. ....
....# #...###... ......
#...#...l#####.#...#####
#.......K...##..##..##..
#...........##..........
#......$....#...##....##
#...........#...#...#..#
####...@..........#....#
#........###...###...
#........###....#....
#.........####..#..>.
#..(......# #..#....
#.........#####......
######......# #......
##.....# ##..... #.....#
#.....


You could see a giant gecko (wandering) and a kobold.

Vanquished Creatures
  Ijyb (D:3)
  3 adders
  2 dart slugs
  A giant gecko (D:1)
  An orc (D:3)
  4 giant cockroaches
  9 goblins
  8 hobgoblins
  A ball python skeleton (D:3)
  6 bats
  7 giant newts
  7 kobolds
  5 rats
55 creatures vanquished.

Notes
Turn   | Place    | Note
--------------------------------------------------------------
     0 | D:1      | Northaan the Gargoyle Earth Elementalist began the quest for the Orb.
     0 | D:1      | Reached XP level 1. HP: 10/10 MP: 3/3
   260 | D:1      | Reached XP level 2. HP: 10/15 MP: 0/5
   856 | D:1      | Reached skill level 4 in Earth Magic
   954 | D:1      | Reached XP level 3. HP: 19/19 MP: 7/7
   990 | D:1      | Learned a level 2 spell: Passwall
   994 | D:1      | Learned a level 3 spell: Stone Arrow
  1703 | D:2      | Found a shimmering altar of Xom.
  1703 | D:2      | Found a glowing silver altar of Zin.
  1703 | D:2      | Noticed an angel
  1789 | D:2      | Found a shadowy altar of Dithmenos.
  1789 | D:2      | Found a basalt altar of Yredelemnul.
  2180 | D:3      | Reached XP level 4. HP: 23/24 MP: 5/9
  2288 | D:3      | Noticed Ijyb
  2316 | D:3      | Killed Ijyb
  2472 | D:3      | Reached XP level 5. HP: 28/28 MP: 10/10
  2490 | D:3      | Killed from afar by a kobold

Skill      XL: |  1  2  3 |
---------------+----------+-----
Earth Magic    | 4 |  4.8
Spellcasting   | 3 |  3.9
Dodging        | |  1.5
Stealth        | |  2.1
Transmutations | |  0.7

Action                   |  1- 3 |  4- 6 || total
-------------------------+-------+-------++-------
Melee: Unarmed           |    37 |       ||    37
       Club              |    46 |       ||    46
       Whip              |    19 |    28 ||    47
 Cast: Sandblast         |    48 |    14 ||    62
       Passwall          |     1 |       ||     1
       Stone Arrow       |       |     2 ||     2
  Use: Scroll            |     3 |       ||     3
 Stab: Sleeping          |       |     1 ||     1
  Eat: Chunk             |     3 |     3 ||     6
Armor: Robe              |    63 |    23 ||    86
Dodge: Dodged            |   116 |    36 ||   152
